 Dungeon Crawl Stone Soup version 0.29.0-4-gdea44cf6ec (webtiles) character file.

Game seed: 11110265337093657380

1320 qw the Cleaver (level 8, -8/48 HPs)
             Began as a Tengu Warper on Aug 28, 2022.
             Was an Initiate of Okawaru.
             Killed from afar by an electric eel (9 damage)
             ... with a bolt of electricity
             ... on level 6 of the Dungeon.
             The game lasted 00:00:39 (7140 turns).

qw the Cleaver (Tengu Warper)                       Turns: 7140, Time: 00:00:39

Health: -8/48      AC: 11    Str: 13    XL:     8   Next: 59%
Magic:  12/12      EV:  4    Int: 14    God:    Okawaru [......]
Gold:   160        SH:  4    Dex: 14    Spells: 11/11 levels left

rFire   . . .      SeeInvis +   j - +0 war axe
rCold   . . .      Faith    .   o - +0 buckler
rNeg    . . .      Spirit   .   f - +0 plate armour
rPois   .          Reflect  .   (helmet restricted)
rElec   .          Harm     .   (no cloak)
rCorr   .          Rampage  .   (no gloves)
Will    +....                   (boots unavailable)
Stlth   ..........              g - amulet of the acrobat
HPRegen 0.16/turn               c - ring of see invisible
MPRegen 0.13/turn               b - ring of willpower

@: flying quickly and evasively, quick
A: beak, talons 3, nimble flight
a: Renounce Religion


You were on level 6 of the Dungeon.
You worshipped Okawaru.
Okawaru was noncommittal.
You visited 2 branches of the dungeon, and saw 7 of its levels.

You collected 209 gold pieces.
You spent 49 gold pieces at shops.


Innate Abilities, Weirdness & Mutations

You have a beak for a mouth.
You have claws for feet.
Your magical nature lets you fly swiftly and evasively.


   Skills:
 - Level 4.3 Fighting
 + Level 9.2 Axes
 - Level 1.0 Throwing
 - Level 4.3 Armour
 - Level 2.1 Dodging
 - Level 2.0 Shields
 - Level 2.0 Spellcasting
 - Level 2.4 Translocations


You had 11 spell levels left.
You didn't know any spells.
Your spell library contained the following spells:

 Spells                   Type           Power      Damage    Failure   Level
 Blink                    Tloc           16%        N/A       100%        2
 Gell's Gravitas          Tloc           8%         N/A       100%        3
 Lesser Beckoning         Tloc           8%         N/A       100%        3
 Teleport Other           Tloc           8%         N/A       100%        3
 Manifold Assault         Tloc           8%         N/A       100%        5

Inventory:

Hand Weapons
 j - a +0 war axe (weapon)
 k - a +0 flail
Missiles
 e - a boomerang (quivered)
Armour
 f - a +0 plate armour (worn)
 n - the +5 tower shield of Death's Door {-Cast rF+ rN+}
   (You found it on level 6 of the Dungeon)

   rF:        It protects you from fire.
   rN:        It protects you from negative energy.
   -Cast:     It prevents spellcasting.
 o - a +0 buckler (worn)
Jewellery
 b - a ring of willpower (right hand)
 c - a ring of see invisible (left hand)
 g - an amulet of the acrobat (around neck)
 Y - a ring of positive energy
Scrolls
 i - a scroll of identify
Potions
 a - 2 potions of curing
 d - 2 potions of cancellation
 h - a potion of resistance
 l - a potion of haste
 m - 2 potions of mutation

Dungeon Overview and Level Annotations

Branches:
Dungeon (6/15)             Temple (1/1) D:5

Altars:
Ashenzari
Cheibriados
Dithmenos
Elyvilon
Fedhas
Gozag
Hepliaklqana
Kikubaaqudgha
Makhleb
Nemelex Xobeh
Okawaru
Qazlal
Ru
Sif Muna
Trog
Uskayaw
Vehumet
Wu Jian
Zin
The Shining One

Shops:
D:3 (

Annotations:
D:4 3 runed translucent doors, qw's ghost, amateur TeWr


Message History

You hit the shadow imp.
You claw the shadow imp, but do no damage.
The shadow imp is heavily wounded.
The shadow imp hits you but does no damage.
You slash the shadow imp!
You kill the shadow imp!
Okawaru accepts your kill.
An electric eel comes into view.
7132 ||| Stepping ~*~*~tactically~*~*~ (stealth).
The electric eel shoots out a bolt of lightning at you!
The bolt of electricity hits the plant!
The plant begins to die.
The bolt of electricity misses you.
The electric eel shoots out a bolt of lightning at you!
The bolt of electricity hits the plant!
The bolt of electricity misses you.
An electric eel comes into view.
The electric eel shoots out a bolt of lightning at you!
The bolt of electricity hits the plant!
The bolt of electricity hits you!
The electric eel shoots out a bolt of lightning at you!
The bolt of electricity hits the plant!
The plant begins to die.
The bolt of electricity hits you.
The electric eel shoots out a bolt of lightning at you!
The bolt of electricity hits the plant!
The bolt of electricity hits you. The bolt of electricity hits you!
The bolt of electricity hits the plant!
A nearby plant withers and dies.
The electric eel shoots out a bolt of lightning at you!
The bolt of electricity misses you.
You barely miss the electric eel. Your peck misses the electric eel.
You hit the plant.
The electric eel shoots out a bolt of lightning at you!
The bolt of electricity hits the electric eel.
The electric eel completely resists.
The bolt of electricity hits you!
The electric eel shoots out a bolt of lightning at you!
The bolt of electricity hits you!
You hit the electric eel. You claw the electric eel.
The electric eel is moderately wounded.
You slash the plant!
The electric eel shoots out a bolt of lightning at you!
The bolt of electricity hits the electric eel.
The electric eel completely resists.
The bolt of electricity hits you!
You die...

#...# # #...# #~77~~ #
#...# #~7~~~~ # ...#
~~P~~~~
...#########7~~~~~~~ #).
..##...~~~~~P~~ #.#
#.##...........
#.####.#....~~~~~~~~
##..........~@S~~~~~~
##....##.#$..~P~~S~~~~
###........##.#~~P~~~~77
........#####.#~~~~~~~7
###%....# #.#~~~~~~~7
##...## #.##~~~777~#
##.## #.###~~~# # .....
#.# #7## #.....#


You could see 2 electric eels.

Vanquished Creatures
  Duvessa (D:4)
  An ice beast (D:6)
  2 sky beasts
  2 black bears (D:5)
  A bullfrog (D:6)
  2 necrophages (D:5)
  2 scorpions
  Dowan (D:4)
  A howler monkey (D:5)
  3 hounds (D:5)
  2 orc priests
  2 iguanas (D:5)
  7 adders
  A shadow imp (D:6)
  4 dart slugs
  13 orcs
  10 ball pythons
  2 endoplasms
  6 giant cockroaches
  10 hobgoblins
  3 quokkas
  5 bats
  6 frilled lizards
  9 goblins
  5 kobolds
  3 rats
  A spectral goblin (D:1)
105 creatures vanquished.

Vanquished Creatures (others)
  14 plants (D:6)
14 creatures vanquished.

Grand Total: 119 creatures vanquished

Notes
Turn   | Place    | Note
-------+----------+-------------------------------------------
     0 | D:1      | qw the Tengu Warper began the quest for the Orb.
     0 | D:1      | Reached XP level 1. HP: 12/12 MP: 4/4
     0 | D:1      | 0 ||| qw: Version: 0.1-a-89-g26bdef1
     0 | D:1      | 0 ||| qw: Game counter: 717
     0 | D:1      | 0 ||| qw: Always use a shield: true
     0 | D:1      | 0 ||| qw: God list: Okawaru
     0 | D:1      | 0 ||| qw: Allow faded altars: false
     0 | D:1      | 0 ||| qw: Do Orc after D:15 true
     0 | D:1      | 0 ||| qw: Do second Lair branch before Depths: true
     0 | D:1      | 0 ||| qw: Lair rune preference: random
     0 | D:1      | 0 ||| qw: Plans: Normal
     0 | D:1      | 0 ||| PLANNING D:1-11
   209 | D:1      | Reached skill level 3 in Axes
   209 | D:1      | Reached XP level 2. HP: 13/17 MP: 6/6
   470 | D:1      | Found a faded altar of an unknown god.
   577 | D:1      | 577 ||| Stepping ~*~*~tactically~*~*~ (stealth).
   584 | D:1      | 584 ||| Stepping ~*~*~tactically~*~*~ (stealth).
   865 | D:1      | Reached XP level 3. HP: 21/21 MP: 7/7
  1311 | D:1      | 1311 ||| UPGRADING to ring of positive energy.
  1312 | D:1      | 1312 ||| READING scroll labelled URENEZ FIDUA.
  1313 | D:1      | 1313 ||| READING 2 scrolls labelled ETAJAE AWOEF.
  1314 | D:1      | 1314 ||| READING scroll labelled USIOSH TULONA.
  1315 | D:1      | 1315 ||| READING scroll labelled HUBBOC ZEETS.
  1316 | D:1      | 1316 ||| DROPPING scroll of blinking.
  1317 | D:1      | 1317 ||| DROPPING scroll of noise.
  1390 | D:2      | 1390 ||| Stepping ~*~*~tactically~*~*~ (stealth).
  1393 | D:2      | 1393 ||| Stepping ~*~*~tactically~*~*~ (stealth).
  1396 | D:2      | 1396 ||| Stepping ~*~*~tactically~*~*~ (stealth).
  1402 | D:2      | Reached skill level 4 in Axes
  1469 | D:2      | Found an opulent altar of Gozag.
  1478 | D:2      | 1478 ||| READING scroll of enchant weapon.
  1478 | D:2      | 1478 ||| ENCHANTING +1 hand axe.
  1629 | D:2      | 1629 ||| Stepping ~*~*~tactically~*~*~ (stealth).
  1644 | D:2      | Reached XP level 4. HP: 20/26 MP: 8/8
  1721 | D:2      | 1721 ||| Stepping ~*~*~tactically~*~*~ (stealth).
  1750 | D:2      | 1750 ||| Stepping ~*~*~tactically~*~*~ (hiding).
  1852 | D:2      | 1852 ||| Stepping ~*~*~tactically~*~*~ (hiding).
  1853 | D:2      | 1853 ||| Stepping ~*~*~tactically~*~*~ (hiding).
  2133 | D:2      | 2133 ||| Stepping ~*~*~tactically~*~*~ (hiding).
  2303 | D:2      | 2303 ||| Stepping ~*~*~tactically~*~*~ (stealth).
  2306 | D:2      | 2306 ||| Stepping ~*~*~tactically~*~*~ (stealth).
  2497 | D:2      | 2497 ||| Stepping ~*~*~tactically~*~*~ (stealth).
  2502 | D:2      | Reached skill level 5 in Axes
  2526 | D:2      | 2526 ||| UPGRADING to +0 ring mail.
  2536 | D:2      | 2536 ||| DROPPING +0 leather armour.
  2537 | D:2      | 2537 ||| UPGRADING to amulet of guardian spirit.
  2542 | D:2      | 2542 ||| READING scroll labelled JAICLU LUTHRI.
  2543 | D:2      | 2543 ||| READING 4 scrolls labelled VOTE QISHOGOAM.
  2544 | D:2      | 2544 ||| DRINKING 2 viscous golden potions.
  2545 | D:2      | 2545 ||| DRINKING 2 fuming coppery potions.
  2546 | D:2      | 2546 ||| READING 3 scrolls of identify.
  2546 | D:2      | 2546 ||| IDENTIFYING red potion
  2547 | D:2      | 2547 ||| READING 2 scrolls of identify.
  2547 | D:2      | 2547 ||| IDENTIFYING murky blue potion
  2548 | D:2      | 2548 ||| DROPPING potion of degeneration.
  2549 | D:2      | 2549 ||| DROPPING potion of brilliance.
  2550 | D:2      | 2550 ||| DROPPING potion of lignification.
  2867 | D:3      | Found Egaifin's Weapon Boutique.
  2875 | D:3      | 2875 ||| BUYING +0 war axe (49 gold).
  2875 | D:3      | Bought a +0 war axe for 49 gold pieces
  2875 | D:3      | 2875 ||| SWAPPING to +0 war axe.
  2876 | D:3      | 2876 ||| DROPPING +2 hand axe.
  3004 | D:3      | Found a shadowy altar of Dithmenos.
  3020 | D:3      | 3020 ||| DROPPING +0 mace.
  3457 | D:3      | 3457 ||| UPGRADING to ring of willpower.
  3458 | D:3      | 3458 ||| READING scroll labelled LELUEREARPHU.
  3459 | D:3      | 3459 ||| READING 2 scrolls labelled TETRED PUOQUNK.
  3460 | D:3      | 3460 ||| READING 4 scrolls of identify.
  3460 | D:3      | 3460 ||| IDENTIFYING fuming sapphire potion
  3461 | D:3      | 3461 ||| READING 3 scrolls of identify.
  3461 | D:3      | 3461 ||| IDENTIFYING metallic silvery potion
  3462 | D:3      | 3462 ||| READING 2 scrolls of identify.
  3462 | D:3      | 3462 ||| IDENTIFYING fuming purple potion
  3463 | D:3      | 3463 ||| DROPPING potion of magic.
  3464 | D:3      | 3464 ||| DROPPING scroll of fear.
  3465 | D:3      | 3465 ||| Stepping randomly (stuck).
  3466 | D:3      | 3466 ||| Stepping ~*~*~tactically~*~*~ (cloud).
  3474 | D:3      | HP: 6/26 [poisoned by you (poison gas)]
  3756 | D:4      | Noticed a scorpion
  3758 | D:4      | 3758 ||| STAIRDANCE
  3764 | D:4      | 3764 ||| STAIRDANCE
  3858 | D:4      | Killed a scorpion
  3859 | D:4      | Reached skill level 6 in Axes
  3859 | D:4      | Gained mutation: Your magical nature lets you fly swiftly
                  | and evasively. [Tengu growth]
  3859 | D:4      | Reached XP level 5. HP: 12/30 MP: 7/9
  3859 | D:4      | 3859 ||| STAIRDANCE
  3860 | D:3      | HP: 6/30 [poisoned by a scorpion]
  3861 | D:3      | 3861 ||| DRINKING potion of curing.
  3861 | D:3      | 3861 ||| (to cure poison)
  4061 | D:4      | 4061 ||| Stepping ~*~*~tactically~*~*~ (hiding).
  4101 | D:4      | 4101 ||| FLEEEEING.
  4102 | D:4      | 4102 ||| FLEEEEING.
  4103 | D:4      | 4103 ||| FLEEEEING.
  4104 | D:4      | 4104 ||| FLEEEEING.
  4105 | D:4      | 4105 ||| FLEEEEING.
  4106 | D:4      | 4106 ||| FLEEEEING.
  4107 | D:4      | 4107 ||| FLEEEEING.
  4108 | D:4      | 4108 ||| FLEEEEING.
  4109 | D:4      | 4109 ||| FLEEEEING.
  4110 | D:4      | 4110 ||| FLEEEEING.
  4111 | D:4      | 4111 ||| FLEEEEING.
  4206 | D:4      | Noticed qw's ghost (amateur TeWr)
  4209 | D:4      | Noticed an ice beast
  4245 | D:4      | 4245 ||| Stepping ~*~*~tactically~*~*~ (hiding).
  4454 | D:4      | Found a runed translucent gate.
  4454 | D:4      | Found a runed translucent gate.
  4454 | D:4      | Found a runed translucent gate.
  4534 | D:4      | Noticed Dowan
  4535 | D:4      | Noticed Duvessa
  4537 | D:4      | 4537 ||| Stepping ~*~*~tactically~*~*~ (hiding).
  4539 | D:4      | 4539 ||| Stepping ~*~*~tactically~*~*~ (hiding).
  4554 | D:4      | HP: 6/30 [Duvessa/+0 short sword (3)]
  4555 | D:4      | 4555 ||| DRINKING potion of heal wounds.
  4559 | D:4      | Killed Duvessa
  4560 | D:4      | Reached skill level 7 in Axes
  4560 | D:4      | Reached XP level 6. HP: 17/35 MP: 3/10
  4568 | D:4      | Killed Dowan
  4892 | D:4      | Reached skill level 3 in Fighting
  5131 | D:4      | 5131 ||| UPGRADING to +0 scale mail.
  5141 | D:4      | 5141 ||| DROPPING +0 ring mail.
  5142 | D:4      | 5142 ||| UPGRADING to +0 plate armour.
  5152 | D:4      | 5152 ||| DROPPING +0 scale mail.
  5153 | D:4      | 5153 ||| READING scroll labelled REKHE ULUKU.
  5154 | D:4      | 5154 ||| DRINKING 2 black potions.
  5155 | D:4      | 5155 ||| READING 3 scrolls of identify.
  5155 | D:4      | 5155 ||| IDENTIFYING fuming orange potion
  5179 | D:5      | Entered Level 5 of the Dungeon
  5193 | D:5      | Identified the +0 dagger of Atael {vorpal, rPois rN++
                  | Stlth+}
  5215 | D:5      | Noticed a black bear
  5223 | D:5      | Noticed a black bear
  5225 | D:5      | Killed a black bear
  5226 | D:5      | Reached XP level 7. HP: 29/41 MP: 8/11
  5231 | D:5      | Reached skill level 3 in Armour
  5231 | D:5      | 5231 ||| FLEEEEING.
  5463 | D:5      | 5463 ||| DROPPING +0 vorpal mace.
  5778 | D:5      | Reached skill level 8 in Axes
  5808 | D:5      | 5808 ||| Stepping ~*~*~tactically~*~*~ (hiding).
  6036 | D:5      | Found a staircase to the Ecumenical Temple.
  6037 | D:5      | 6037 ||| PLANNING TEMPLE
  6037 | D:5      | 6037 ||| READING 3 scrolls of identify.
  6037 | D:5      | 6037 ||| IDENTIFYING metallic white potion
  6038 | D:5      | 6038 ||| READING 2 scrolls of identify.
  6038 | D:5      | 6038 ||| IDENTIFYING orange potion
  6039 | D:5      | 6039 ||| DROPPING potion of attraction.
  6053 | D:5      | Reached XP level 8. HP: 42/46 MP: 12/12
  6081 | Temple   | Entered the Ecumenical Temple
  6082 | Temple   | 6082 ||| Stepping randomly (stuck).
  6083 | Temple   | 6083 ||| PLANNING D:1-11
  6213 | D:5      | Reached skill level 9 in Axes
  6308 | D:5      | Found an iron altar of Okawaru.
  6314 | D:5      | Became a worshipper of Warmaster Okawaru
  6315 | D:5      | 6315 ||| REMOVING amulet of guardian spirit.
  6621 | D:5      | 6621 ||| UPGRADING to +0 buckler.
  6626 | D:5      | 6626 ||| UPGRADING to amulet of the acrobat.
  6631 | D:5      | 6631 ||| DROPPING amulet of guardian spirit.
  6632 | D:5      | 6632 ||| UPGRADING to ring of see invisible.
  6640 | D:6      | 6640 ||| STAIRDANCE
  6656 | D:5      | Reached skill level 1 in Shields
  6824 | D:5      | 6824 ||| DROPPING +1 mace of holy wrath.
  7005 | D:6      | 7005 ||| Stepping ~*~*~tactically~*~*~ (stealth).
  7007 | D:6      | 7007 ||| Stepping ~*~*~tactically~*~*~ (stealth).
  7067 | D:6      | Noticed a two-headed ogre
  7068 | D:6      | 7068 ||| FLEEEEING.
  7112 | D:6      | Identified the +5 tower shield of Death's Door {-Cast rF+
                  | rN+}
  7132 | D:6      | 7132 ||| Stepping ~*~*~tactically~*~*~ (stealth).
  7139 | D:6      | HP: 8/48 [electric eel/bolt of electricity (14)]
  7139 | D:6      | HP: 1/48 [electric eel/bolt of electricity (7)]
  7140 | D:6      | Killed from afar by an electric eel

Levels and vault maps discovered:
D:1:      dpeg_arrival_three_same_balls, layout_loops_corners,
          dreamdust_ecumenical_altar_drowned_temple, serial_rivers,
          chequers_serial_rivers_small_a, chequers_serial_rivers_small_b,
          chequers_serial_rivers_room_b, chequers_serial_rivers_marsh,
          chequers_serial_rivers_small_3, chequers_serial_rivers_micro_a,
          st_stairs_12
D:2:      layout_rooms, basic_altar, kennysheep_generic_room_9
D:3:      layout_basic, nicolae_dithmenos_the_darkroom, serial_shops,
          nicolae_shop_crystal
D:4:      layout_loops_ring, gammafunk_ghost_icy, uniq_duvessa
D:5:      layout_loops_corners, okawaru_gym_becter, minmay_temple_entry_arrows,
          kennysheep_generic_room_16
D:6:      kennysheep_kobold_camp, layout_loops_cross, serial_bayou_lagoon_b,
          uniq_pikel
Temple:   nicolae_temple_no_exploring_needed

Skill      XL: |  1  2  3  4  5  6  7  8 |
---------------+-------------------------+-----
Axes           | 3 4 6 7 8 9 |  9.2
Fighting       | 3 4 |  4.3
Armour         | 2 3 4 |  4.3
Shields        | 2 |  2.0
Throwing       | |  1.0
Dodging        | |  2.1
Spellcasting   | |  2.0
Translocations | |  2.4

Action                   |  1- 3 |  4- 6 |  7- 9 || total
-------------------------+-------+-------+-------++-------
Melee: Hand axe          |    86 |    29 |       ||   115
       Kick              |    20 |    34 |    42 ||    96
       Peck              |    13 |    27 |    21 ||    61
       Punch             |     1 |       |       ||     1
       War axe           |       |    91 |   123 ||   214
Throw: Boomerang         |    15 |    33 |    17 ||    65
  Use: Scroll            |     5 |    11 |     2 ||    18
       Potion            |       |     5 |       ||     5
 Stab: Distracted        |       |     1 |       ||     1
Armor: Leather armour    |    30 |     1 |       ||    31
       Ring mail         |       |    28 |       ||    28
       Plate armour      |       |    15 |    83 ||    98
Dodge: Dodged            |    40 |    61 |    27 ||   128
Block: Buckler           |       |       |     9 ||     9

Table legend:
 A = Non-vault XP
 B = Vault XP
 C = Vault XP percentage of total XP
 D = Non-vault monster count
 E = Vault monster count
 F = Vault count percentage of total count
                 A         B        C        D         E       F
            +---------+---------+-------+---------+---------+-------
      Total |    1415 |     472 |  25.0 |      97 |       8 |   7.6
            +---------+---------+-------+---------+---------+-------
        D:1 |      36 |       3 |   7.7 |      25 |       2 |   7.4
        D:2 |      76 |       0 |   0.0 |      22 |       0 |   0.0
        D:3 |      44 |       0 |   0.0 |      12 |       0 |   0.0
        D:4 |     156 |     219 |  58.4 |      15 |       2 |  11.8
        D:5 |     712 |     250 |  26.0 |      16 |       4 |  20.0
        D:6 |     391 |       0 |   0.0 |       7 |       0 |   0.0
            +---------+---------+-------+---------+---------+-------
